 Dungeon Crawl Stone Soup version bcrawl-1.39.1 (webtiles) character file.

Game seed: 5740666021703622139

20446718 zoran the Demonic Arbalest (level 27, 226/226 HPs)
             Began as a Demonspawn Archaeologist on Oct 7, 2023.
             Was a Priest of Lugonu.
             Escaped with the Orb
             ... and 5 runes!
             The game lasted 03:24:48 (61214 turns).

zoran the Demonic Arbalest (DsAc)                  Turns: 61214, Time: 03:24:49

Health: 226/226    AC: 41    Str: 21    XL:     27
Magic:  33/33      EV: 15    Int: 13    God:    Lugonu [***...]
Gold:   553        SH:  0    Dex: 15    Spells: 23/26 levels left

rFire    + + +     GDR:     41% a - +9 triple crossbow (velocity)
rCold    + + +     SeeInvis .   (shield currently unavailable)
rNeg     + + +     Gourm    .   u - +12 gold dragon scales
rPois    +         Faith    .   S - +2 hat {MR+}
rElec    +         Spirit   +   U - scarf {rC+ rF+}
rCorr    .         Reflect  .   j - +2 pair of gloves {archery}
MR       +++++     Rnd*Rage +   (boots unavailable)
Stlth    ..........             V - amulet of the Illusory Serpents {Spirit rElec rN++ Int-5}
HPRegen  0.47/turn              c - ring "Turiap" {rF+ MR+ Str+4}
MPRegen  0.23/turn              i - ring "Yrioklem" {rElec rPois rC+ Str-4 Dex+2}

@: studying 3 skills, repel missiles
A: talons 3, repulsion field 3, berserk 1, low mp 1, magic resistance 1,
negative energy resistance 1, nightstalker 3, screaming 1, spiny 3, 50% torment
resistance, black mark
0: Orb of Zot
}: 5/15 runes: decaying, serpentine, slimy, silver, abyssal
a: Depart the Abyss, Bend Space, Banish, Renounce Religion


You escaped.
You worshipped Lugonu.
Lugonu was most pleased with you.
You were not hungry.

You visited 10 branches of the dungeon, and saw 44 of its levels.
You visited the Abyss 2 times.
You also visited: Ossuary, Ice Cave and Desolation.

You collected 7889 gold pieces.
You spent 7336 gold pieces at shops.

Inventory:

Hand Weapons
 a - a +9 triple crossbow of velocity (weapon)
 q - the +6 arbalest "Damnation" {hellfire, *Curse}
   (You acquired it on level 3 of the Dungeon)

   It curses itself when equipped.
 H - a +0 blowgun
Missiles
 r - 8 throwing nets {=f}
 D - 696 poisoned tomahawks
 G - 10021 bolts (quivered)
 W - 23 curare-tipped needles
Armour
 g - the scarf of the Villain {repulsion, +Fly rCorr Int+4 Slay+2}
   (Lugonu gifted it to you in the Orcish Mines)

   It affects your intelligence (+4).
   It affects your accuracy and damage with ranged weapons and melee attacks
   (+2).
   It lets you fly.
   It provides partial protection from all sources of acid and corrosion.
 j - a +2 pair of gloves of archery (worn)
 u - +12 gold dragon scales (worn)
 S - a +2 hat of magic resistance (worn)
 U - a scarf of resistance (worn)
Jewellery
 c - the ring "Turiap" (left hand) {rF+ MR+ Str+4}
   (You bought it in a shop on level 2 of the Snake Pit)

   [ring of protection from fire]

   It affects your strength (+4).
   It protects you from fire.
   It affects your resistance to hostile enchantments.
 d - an uncursed ring of see invisible
 i - the ring "Yrioklem" (right hand) {rElec rPois rC+ Str-4 Dex+2}
   (You found it on level 1 of the Vaults)

   [ring of poison resistance]

   It affects your strength (-4).
   It affects your dexterity (+2).
   It protects you from cold.
   It insulates you from electricity.
   It protects you from poison.
 V - the amulet of the Illusory Serpents (around neck) {Spirit rElec rN++ Int-5}
   (You acquired it on level 3 of the Vaults)

   [amulet of guardian spirit]

   It causes incoming damage to be split between your health and magic.
   It affects your intelligence (-5).
   It insulates you from electricity.
   It greatly protects you from negative energy.
Wands
 B - a wand of polymorph (10)
 E - a wand of disintegration (59)
 F - a wand of iceblast (62)
 K - a wand of paralysis (36)
 L - a wand of digging (31)
 T - a wand of acid (1)
Scrolls
 b - a scroll of silence
 f - a scroll of summoning
 m - 3 scrolls of immolation
 p - 32 scrolls of remove curse
 w - 14 scrolls of fog
 C - 6 scrolls of blinking
 J - 16 scrolls of teleportation
 M - 6 scrolls of vulnerability
 O - 2 scrolls of revelation
 P - 10 scrolls of fear
Potions
 l - 7 potions of haste
 n - 3 potions of flight
 o - 5 potions of heal wounds
 s - 4 potions of magic
 t - a potion of ambrosia
 v - 6 potions of curing
 z - 9 potions of lignification
 A - 4 potions of agility
 Q - 3 potions of mutation
 R - 6 potions of invisibility
Miscellaneous
 h - a lamp of fire
 x - a phial of floods (inert)
 I - 2 boxes of beasts
 N - a sack of spiders
 Y - a fan of gales (2/2)
Comestibles
 e - 45 rations {!d}


   Skills:
 + Level 20.6 Fighting
   Level 5.0 Short Blades
   Level 1.0 Maces & Flails
 O Level 27 Crossbows
 - Level 2.0 Throwing
 + Level 20.7 Armour
 + Level 14.0 Dodging
 - Level 5.0 Stealth
 - Level 20.0 Invocations
 - Level 15.0 Evocations


You had 23 spell levels left.
You knew the following spells:

 Your Spells              Type           Power        Failure   Level  Hunger
z - Portal Projectile     Tloc           #.....       99%         3    #####..

Your spell library contained the following spells:

 Spells                   Type           Power        Failure   Level  Hunger
 Apportation              Tloc           #.....       83%         1    None
 Blink Other              Tloc           #.....       83%         1    None
 Blink                    Tloc           N/A          92%         2    ####...
 Recall                   Summ/Tloc      N/A          99%         3    #####..
 Teleport Other           Tloc           #.......     99%         3    #####..
 Flame Tongue             Conj/Fire      #....        100%        1    None
 Magic Dart               Conj           #...         100%        1    None
 Necrotize                Necr           #.....       100%        1    None
 Static Discharge         Air            #.....       100%        1    None
 Searing Ray              Conj           #.......     100%        2    ####...
 Shock                    Conj/Air       #......      100%        2    ####...
 Swiftness                Chrm/Air       #.......     100%        2    ####...
 Call Canine Familiar     Summ           #.......     100%        3    #####..
 Iskenderun's Mystic Bla  Conj           #.......     100%        3    #####..
 Mephitic Cloud           Conj/Pois/Air  #.......     100%        3    #####..
 Regeneration             Chrm/Necr      #.........   100%        3    #####..
 Vampiric Draining        Necr           #.........   100%        3    #####..
 Agony                    Necr           #.......     100%        4    ######.
 Airstrike                Air            #.........   100%        4    ######.
 Animate Dead             Necr           N/A          100%        4    ######.
 Fulminant Prism          Conj/Hex       #.........   100%        4    ######.
 Lightning Bolt           Conj/Air       #.......     100%        4    ######.
 Summon Ice Beast         Ice/Summ       #.......     100%        4    ######.
 Bolt of Draining         Conj/Necr      #.........   100%        5    #######
 Bolt of Magma            Conj/Fire/Erth #.........   100%        5    #######
 Dispel Undead            Necr           #.......     100%        5    #######
 Fireball                 Conj/Fire      #.........   100%        5    #######
 Irradiate                Conj/Tmut      #.........   100%        5    #######
 Iskenderun's Battlesphe  Conj/Chrm      #.......     100%        5    #######
 Piercing Shot            Chrm           #.........   100%        5    #######
 Silence                  Hex/Air        #.........   100%        5    #######
 Steam Barrier            Chrm/Fire      #.........   100%        5    #######
 Summon Mana Viper        Hex/Summ       #.......     100%        5    #######
 Venom Bolt               Conj/Pois      #.........   100%        5    #######
 Bolt of Cold             Conj/Ice       #.........   100%        6    #######
 Bolt of Fire             Conj/Fire      #.........   100%        6    #######
 Death Channel            Chrm/Necr      #.........   100%        6    #######
 Deflect Missiles         Chrm/Air       #.........   100%        6    #######
 Iron Shot                Conj/Erth      #.........   100%        6    #######
 Poison Arrow             Conj/Pois      #.........   100%        6    #######
 Simulacrum               Ice/Necr       #.......     100%        6    #######
 Summon Hydra             Summ           #.........   100%        6    #######
 Mana Rupture             Conj/Hex       #.........   100%        7    #######
 Monstrous Menagerie      Summ           #.........   100%        7    #######
 Spellforged Servitor     Conj/Summ      #.........   100%        7    #######
 Ignition                 Fire           #.........   100%        8    #######
 Time Stop                Chrm/Tloc      N/A          100%        8    #######
 Tornado                  Tloc/Air       #.........   100%        8    #######
 Passage of Golubria      Tloc           Unusable     N/A         5    N/A

Dungeon Overview and Level Annotations

Branches:
Dungeon (12/12)            Temple (1/1) D:7            Lair (6/6) D:9
  Swamp (3/3) Lair:3        Snake (3/3) Lair:4        Slime (5/5) Orc
    Orc (1/1) D:11            Elf (0/3) Lair:6       Vaults (3/3) D:12
  Crypt (0/2) Vaults:2     Depths (5/5) D:12            Zot (5/5) Depths:5

Altars:
Ashenzari
Cheibriados
Dithmenos
Fedhas
Gozag
Hepliaklqana
Kikubaaqudgha
Lugonu
Makhleb
Nemelex Xobeh
Qazlal
Ru
Sif Muna
Trog
Uskayaw
Vehumet
Wu Jian
Xom
Yredelemnul
Jiyva

Shops:
D:7 ?   D:11 }   Orc %!*(   Snake:1 %[*(   Snake:2 =}=   Vaults:1 *
Vaults:2 ?   Vaults:3 %???%?%!   Depths:1 :!?*

Portals:
Hell: Depths:1 Depths:2 Depths:3 Depths:4 Depths:5
Abyss: Snake:2 Depths:3
Pandemonium: Depths:2 Depths:3 Depths:5
Ziggurat: Depths:5

Annotations:
D:2 1 runed door
D:4 Grinder
D:5 Menkaure
Swamp:3 2 runed translucent doors, corrupted
Snake:1 1 runed translucent door, Mehrunes's ghost, journeyman SpEn
Snake:3 corrupted
Slime:5 corrupted
Vaults:2 1 runed translucent door, yrara's ghost, adept DsFi
Depths:1 corrupted
Depths:2 , 2 transporters, foxfromabyss's ghost, adept MiAc
Depths:5 corrupted
Zot:1 2 runed translucent doors, Loichisch's ghost, legendary DsBe
Zot:5 corrupted


Innate Abilities, Weirdness & Mutations

You have claws for feet.
You are surrounded by a strong repulsion field. (EV +4, RMsl)
You resist negative energy. (rN+)
You are completely attuned to the shadows.
You are completely covered in sharp spines.
You are somewhat able to resist unholy torments (1 in 2 success).
Your melee attacks may debilitate your foes.
You tend to lose your temper in combat.
Your magical capacity is low. (-10% MP)
You are resistant to hostile enchantments. (MR+)
You occasionally shout uncontrollably at your foes.


Message History

There is a stone staircase leading up here.
You climb upwards.
There is a stone staircase leading down here.
A hellion comes into view.
Firing (i - inventory. (/) - cycle)
G - 10022 bolts (quivered)
Press: ? - help, Shift-Dir - straight line, f - hellion
Aim: a hellion You shoot a bolt.
The bolt hits the hellion!!!
You kill the hellion!
Lugonu accepts your kill.
You enter the shallow water.
Moving in this stuff is going to be slow.
There is an open door here.
Wield which item (- for none, * to show all)? (? for menu, Esc to quit)
Okay, then.
Drop what? 49/52 slots (_ for help) (? for menu, Esc to quit)
You drop the +7 sceptre of Torment {pain, torment}.
There is a staircase leading out of the dungeon here.
The power of the Orb breaks the dimensional shunt like a soap bubble!
You have escaped!

#######.....#### ##
########## ##.......##### #
#........###........## #
#......)..#..........# ###
#.>..........##≈≈≈≈≈## ##..
#####.####...##≈≈≈≈♣#
####..# #.# ##..###P≈P###
#....## #.# #..#.##≈##.#
#.##### #.## ##.#@)'≈...#
##.# #). #..## ##.#.##≈##.#
#..# #.#
##..###..###♣≈♣#####.####.#
##..##..##♣≈≈≈≈##........#
##.##..##≈≈≈≈≈##.########
#.##......♣...#.##### #
#.##...)............####
#.###...................
#.# ##......(..#########


There were no monsters in sight!

Vanquished Creatures
  Dissolution (Slime:2)
  the Royal Jelly (Slime:5)
  6 orbs of fire
  3 ancient liches (Zot:5)
  Xtahua (Vaults:2)
  4 golden dragons
  A Killer Klown (Zot:5)
  Margery (Depths:2)
  Vashnia (Snake:3)
  A caustic shrike (Depths:4)
  Frederick (Vaults:2)
  5 curse toes
  2 rockslimes
  Jory (Depths:4)
  2 bone dragons
  5 Orb Demons
  4 electric golems
  28 Orb Guardians
  A Hell Sentinel (D:12)
  8 quicksilver dragons
  18 tentacled monstrosities
  A wendigo (Depths:2)
  4 liches
  4 titans
  10 acid blobs
  4 sphinxes
  10 death cobs
  12 storm dragons
  A thorn hunter (Lair:3)
  6 tengu reavers
  4 tentacled starspawn
  6 draconian monks
  5 shadow dragons
  7 nagarajas (Snake:3)
  7 fire giants
  4 draconian knights
  An iron dragon (Depths:3)
  12 frost giants
  A war gargoyle (Vaults:3)
  5 vault wardens
  11 azure jellies
  Louise (Snake:3)
  Aizul (Snake:2)
  A cacodemon (Depths:3)
  4 draconian shifters
  3 ghost moths
  12 ironheart preservers
  6 draconian annihilators
  7 draconian scorchers
  20 stone giants
  2 draconian stormcallers
  A spriggan defender (Depths:3)
  2 eyes of devastation
  14 very ugly things
  9 black draconians
  13 green draconians
  2 deep elf demonologists (Vaults:3)
  3 vampire knights
  2 deep elf annihilators
  3 entropy weavers
  10 red draconians
  4 spark wasps
  10 purple draconians
  12 dire elephants
  15 white draconians
  10 yellow draconians
  2 eidola
  9 ettins
  A deep elf death mage (Depths:5)
  A merfolk javelineer (Depths:4)
  2 crystal guardians
  A blizzard demon (D:12)
  A green death (Depths:5)
  6 fire dragons
  7 yaktaur captains
  Josephine (Lair:6)
  18 vault guards
  6 rakshasas
  8 naga warriors
  A shadow wraith (Vaults:2)
  An ice dragon (shapeshifter) (Vaults:3)
  3 monstrous demonspawn (D:5)
  10 ice dragons
  A spriggan air mage (Depths:2)
  3 servants of whispers
  3 death knights
  7 hydras
  12 ogre magi
  7 anacondas
  2 ghost crabs
  2 catoblepae
  48 two-headed ogres
  4 death oozes (Slime:5)
  6 great orbs of eyes
  6 deep troll earth magi
  6 alligators
  A death yak (Lair:6)
  A queen ant (Lair:6)
  3 ancient automatons
  5 thrashing horrors
  4 deep troll shamans
  2 tengu warriors (Vaults:1)
  7 naga sharpshooters
  A sea snake (shapeshifter) (Vaults:3)
  3 dancing weapons
  5 orc high priests (Orc)
  5 spriggan berserkers
  7 shock serpents
  2 ironheart beastmasters (Vaults:1)
  A deep elf knight (Vaults:3)
  4 wretched stars
  17 deep trolls
  11 centaur warriors
  4 iron trolls
  A fire crab (shapeshifter) (Depths:3)
  2 skeletal warriors (D:10)
  2 sun demons
  A death drake (Depths:5)
  2 sixfirhies
  2 flayed ghosts
  5 salamander mystics
  3 hell knights (Depths:2)
  2 spatial maelstroms
  An unseen horror (Abyss:2)
  8 wizards
  A spectral anaconda (Lair:6)
  3 swamp dragons
  11 starcursed masses
  An obsidian statue (Lair:6)
  5 naga ritualists
  6 deep elf archers
  A shadow dragon zombie (Depths:2)
  An infernal demonspawn (Depths:3)
  3 glowing orange brains
  3 cyclopes
  9 ironheart convokers
  4 lindwurms (Depths:5)
  A shadow dragon skeleton (Depths:2)
  8 orc knights
  A harpy (shapeshifter) (Vaults:2)
  2 orc sorcerers
  10 deep elf magi
  6 phantasmal warriors
  7 necromancers
  8 mana vipers
  36 ugly things
  2 orb spiders (Depths:1)
  8 shining eyes
  5 apocalypse crabs
  3 worldbinders
  A tengu skeleton (Depths:1)
  6 salamanders
  25 elephants
  A frost giant skeleton (Depths:2)
  25 black mambas
  24 moths of wrath
  A stone giant skeleton (Depths:2)
  14 vault sentinels
  A water nymph (shapeshifter) (Vaults:2)
  6 will-o'-wisps (Swamp:3)
  A rust devil (Depths:3)
  A torpor snail (Lair:5)
  10 naga magi
  14 cane toads
  4 smoke demons (Abyss:3)
  A dire elephant skeleton (Lair:6)
  2 guardian serpents (Snake:3)
  2 orange demons (Depths:3)
  2 rime drakes (IceCv)
  3 hellions
  2 jumping spiders (Vaults:2)
  7 efreet
  4 flying skulls (Abyss:3)
  6 hellwings
  3 komodo dragons
  14 yaktaurs
  An eye of draining (Abyss:3)
  An ice devil (D:3)
  5 ancient zymes
  7 freezing wraiths
  A red devil (Depths:3)
  A tormentor (Abyss:3)
  A wolf spider simulacrum (D:12)
  A merfolk (shapeshifter) (Depths:5)
  3 tengu conjurers (Vaults:1)
  8 trolls
  A wind drake (Depths:5)
  7 hornets
  A silent spectre (Abyss:3)
  A harpy skeleton (D:12)
  8 tyrant leeches
  2 wind drakes (shapeshifter)
  An ettin zombie (Depths:1)
  14 dream sheep
  16 saltlings
  139 slime creatures
  A hippogriff (shapeshifter) (D:12)
  4 bog bodies
  A blink frog (shapeshifter) (Depths:1)
  13 blink frogs
  12 raiju
  9 hippogriffs
  4 water elementals
  3 ynoxinuls
  A spriggan skeleton (Depths:2)
  A dire elephant simulacrum (Lair:6)
  6 wyverns
  9 wraiths
  2 basilisks
  3 hungry ghosts
  Eustachio (D:5)
  13 golden eyes
  25 yaks
  6 spriggans
  A golden eye (shapeshifter) (D:10)
  A basilisk (shapeshifter) (Vaults:3)
  4 neqoxecs
  A steam dragon (Swamp:3)
  4 redbacks
  6 small abominations (Abyss:3)
  26 vampire mosquitoes
  2 chaos spawn (Abyss:2)
  2 yaktaur simulacra
  A yak (shapeshifter) (Vaults:2)
  3 spatial vortices (Abyss:1)
  A spectral cane toad (Lair:6)
  31 nagas
  A warg (Orc)
  14 large abominations
  11 swamp worms
  13 crocodiles
  5 water moccasins
  A merfolk skeleton (Abyss:3)
  2 acid dragons
  8 porcupines
  A floating eye (Slime:5)
  7 soldier ants (Lair:6)
  24 orc warriors
  3 sky beasts
  A spriggan simulacrum (Depths:1)
  2 necrophages
  An elephant zombie (Lair:6)
  7 swamp drakes
  3 hornet zombies
  3 black bears
  24 ice beasts
  8 boggarts
  29 ogres
  A boggart (shapeshifter) (Depths:3)
  7 wolves
  5 elephant skeletons (Lair:6)
  9 bullfrogs
  A kobold brigand (D:7)
  4 earth elementals
  3 centaurs
  2 cane toad simulacra (Lair:6)
  3 scorpions
  4 wights (D:7)
  2 howler monkeys (D:12)
  32 orc priests
  5 crimson imps
  A bullfrog zombie (D:5)
  A quasit (Depths:3)
  A hound (shapeshifter) (Depths:2)
  7 jellies
  4 hounds
  3 iron imps
  12 orc wizards
  4 iguanas
  17 worker ants
  A kobold zombie (Ossuary)
  2 hound zombies
  2 mummies (Ossuary)
  2 worker ant zombies (D:6)
  6 gnolls
  8 adders
  3 shadow imps
  6 white imps
  2 ufetubi (Abyss:3)
  7 oozes
  An adder skeleton (D:7)
  A worm (shapeshifter) (Vaults:3)
  5 worms
  3 dart slugs
  7 leopard geckos
  61 orcs
  10 giant cockroaches
  5 gnoll zombies (Ossuary)
  12 hobgoblins
  10 jackals
  2 quokkas
  5 bats
  4 frilled lizards
  6 goblins
  4 hobgoblin zombies (Ossuary)
  14 kobolds
  4 orc zombies (Ossuary)
  4 rats
  5 briar patches (Lair:3)
  A bush (Lair:6)
  7 fungi
  3 lurking horrors
  A starspawn tentacle (Abyss:1)
  2 withered plants (Lair:6)
1927 creatures vanquished.

Vanquished Creatures (collateral kills)
  A Killer Klown (Zot:5)
  A caustic shrike (Depths:4)
  A lich (Vaults:3)
  A shadow dragon (Zot:2)
  3 draconian monks (Depths:5)
  A frost giant (Vaults:2)
  A war gargoyle (Vaults:3)
  A draconian knight (Depths:5)
  A vault warden (Vaults:3)
  A very ugly thing (Abyss:3)
  A draconian scorcher (Zot:5)
  2 green draconians
  A white draconian (Zot:5)
  A yellow draconian (Zot:2)
  A spriggan air mage (Depths:2)
  A two-headed ogre (Vaults:3)
  An ancient automaton (Slime:3)
  An ironheart beastmaster (Vaults:1)
  A hell knight (Depths:2)
  A glowing orange brain (Abyss:3)
  2 ugly things (Vaults:2)
  2 smoke demons (Abyss:3)
  A yaktaur (Depths:2)
  A large abomination (Abyss:3)
  A raiju (Abyss:3)
  An ogre (Vaults:2)
31 creatures vanquished.

Vanquished Creatures (others)
  A juggernaut (Depths:5)
  2 golden dragons (Depths:5)
  2 Killer Klowns
  7 caustic shrikes (Depths:5)
  A rockslime (Depths:1)
  An Orb Guardian (Zot:5)
  A titan (Depths:2)
  4 acid blobs (Slime:5)
  A shadow dragon (Depths:5)
  2 draconian monks (Depths:5)
  5 azure jellies (Slime:5)
  A frost giant (Depths:5)
  A ghost moth (Zot:5)
  The ghost of yrara the Black Belt, a journeyman DsFi of Gozag (Swamp:3)
  4 stone giants
  9 very ugly things
  An ironheart preserver (Vaults:3)
  A draconian annihilator (Depths:5)
  A green draconian (Depths:5)
  A vampire knight (Depths:2)
  An entropy weaver (Lair:6)
  2 black draconians (Depths:5)
  A spark wasp (Depths:2)
  An ettin (Depths:2)
  A merfolk javelineer (Depths:5)
  3 yaktaur captains
  5 fire dragons
  15 vault guards
  8 hydras (Swamp:3)
  A rakshasa (Depths:2)
  3 ghost crabs (Swamp:3)
  6 death oozes (Slime:5)
  Sonja (D:12)
  An alligator (Lair:6)
  A deep troll earth mage (Depths:2)
  3 naga sharpshooters (Snake:3)
  A deep troll (Depths:1)
  A deep elf knight (Vaults:3)
  A goliath frog (Swamp:3)
  An iron troll (Depths:1)
  2 fire crabs (Swamp:3)
  A spatial maelstrom (Depths:3)
  A death drake (shapeshifter) (Depths:1)
  6 swamp dragons (Swamp:3)
  A lindwurm (Swamp:3)
  A naga ritualist (Snake:3)
  A guardian serpent (Snake:3)
  An elephant (Lair:6)
  4 moths of wrath
  An orange demon (Depths:5)
  A naga mage (Snake:3)
  A rust devil (Depths:5)
  5 yaktaurs
  An ice devil (Depths:5)
  2 komodo dragons (Lair:6)
  A red devil (Depths:5)
  A wind drake (Depths:5)
  4 tyrant leeches (Swamp:3)
  A slime creature (Swamp:3)
  A bog body (Swamp:3)
  3 water elementals (Depths:5)
  2 yaks (shapeshifter)
  A vampire mosquito (Swamp:3)
  A hungry ghost (D:12)
  5 steam dragons (Swamp:3)
  A swamp worm (Swamp:3)
  2 crocodiles
  7 nagas (Snake:3)
  A soldier ant (Lair:6)
  9 swamp drakes (Swamp:3)
  A phantom (D:12)
  A tengu (Snake:3)
  A boggart (D:12)
  A small abomination (Abyss:3)
  A lava snake (Swamp:3)
  A jelly (shapeshifter) (Vaults:3)
  7 worker ants (Lair:6)
  A bush (Lair:6)
  13 fungi
  37 plants
  48 starspawn tentacles
  13 withered plants (Lair:6)
298 creatures vanquished.

Grand Total: 2256 creatures vanquished

Notes
Turn   | Place    | Note
-------+----------+-------------------------------------------
     0 | D:1      | zoran the Demonspawn Archaeologist began the quest for the
                  | Orb.
     0 | D:1      | Reached XP level 1. HP: 15/15 MP: 1/1
    18 | D:1      | Reached skill level 1 in Maces & Flails
   150 | D:1      | Gained mutation: You are partially covered in sharp spines.
                  | [demonic ancestry]
   150 | D:1      | Reached XP level 2. HP: 11/21 MP: 2/2
   422 | D:1      | Reached skill level 1 in Throwing
   422 | D:1      | Reached skill level 1 in Evocations
   422 | D:1      | Reached XP level 3. HP: 14/27 MP: 3/3
   939 | D:2      | Reached XP level 4. HP: 30/33 MP: 5/5
  1363 | D:2      | Found a runed door.
  2100 | D:3      | Reached XP level 5. HP: 41/41 MP: 6/6
  2100 | D:3      | Identified a scroll of acquirement
  2122 | D:3      | Found the +6 arbalest "Damnation" {hellfire, *Curse}
  2595 | D:3      | Found a basalt altar of Yredelemnul.
  2766 | D:4      | Found a glowing silver altar of Zin.
  2805 | D:4      | Found a sand-covered staircase.
  2820 | Ossuary  | Entered an ossuary
  3194 | D:4      | Noticed a sky beast
  3212 | D:4      | Noticed Grinder
  3252 | D:4      | Killed a sky beast
  3253 | D:4      | Reached skill level 5 in Fighting
  3253 | D:4      | Gained mutation: You are surrounded by a mild repulsion
                  | field. (EV +2) [demonic ancestry]
  3253 | D:4      | Reached XP level 6. HP: 41/51 MP: 7/7
  3536 | D:4      | Reached skill level 1 in Armour
  3824 | D:4      | Found an ancient bone altar of Kikubaaqudgha.
  4005 | D:4      | Reached XP level 7. HP: 40/56 MP: 8/8
  4069 | D:5      | Entered Level 5 of the Dungeon
  4103 | D:5      | Reached skill level 1 in Short Blades
  4303 | D:5      | Noticed Menkaure
  4325 | D:5      | Noticed a hippogriff
  4346 | D:5      | Killed a hippogriff
  4388 | D:5      | Found a shattered altar of Ashenzari.
  4770 | D:5      | Noticed Eustachio
  4793 | D:5      | Killed Eustachio
  4940 | D:6      | Gained mutation: You have sharp toenails. [demonic
                  | ancestry]
  4940 | D:6      | Reached XP level 8. HP: 59/62 MP: 9/9
  4954 | D:6      | Reached skill level 5 in Dodging
  5331 | D:6      | Found a sacrificial altar of Ru.
  5532 | D:6      | Reached skill level 5 in Armour
  5535 | D:6      | Reached skill level 5 in Short Blades
  5670 | D:6      | Found an opulent altar of Gozag.
  5784 | D:7      | Noticed a troll
  5801 | D:7      | Killed a troll
  5802 | D:7      | Reached XP level 9. HP: 44/68 MP: 11/11
  5896 | D:7      | Noticed a troll
  5921 | D:7      | Killed a troll
  5929 | D:7      | Reached skill level 5 in Stealth
  5964 | D:7      | Got a bone mace
  6040 | D:7      | Found Cesmek's Magic Scroll Shoppe.
  6046 | D:7      | Bought a scroll of identify for 24 gold pieces
  6046 | D:7      | Bought a scroll of fog for 24 gold pieces
  6046 | D:7      | Bought a scroll of enchant weapon for 90 gold pieces
  6046 | D:7      | Bought a scroll of teleportation for 36 gold pieces
  6046 | D:7      | Bought a scroll of vulnerability for 90 gold pieces
  6046 | D:7      | Bought a scroll of noise for 12 gold pieces
  6046 | D:7      | Bought a scroll of blinking for 90 gold pieces
  6046 | D:7      | Bought a scroll of revelation for 48 gold pieces
  6046 | D:7      | Bought a scroll of fog for 24 gold pieces
  6046 | D:7      | Bought a scroll of teleportation for 36 gold pieces
  6149 | D:7      | Reached skill level 5 in Evocations
  6153 | D:7      | Reached skill level 1 in Crossbows
  6198 | D:7      | Reached skill level 2 in Crossbows
  6202 | D:7      | Found a burning altar of Makhleb.
  6328 | D:7      | Reached skill level 3 in Crossbows
  6610 | D:7      | Found a staircase to the Ecumenical Temple.
  6617 | Temple   | Entered the Ecumenical Temple
  6728 | Temple   | Became a worshipper of Lugonu the Unformed
  6877 | D:8      | Reached skill level 4 in Crossbows
  6895 | D:8      | Found a radiant altar of Vehumet.
  6972 | D:8      | Noticed a two-headed ogre
  6996 | D:8      | Killed a two-headed ogre
  6997 | D:8      | Reached skill level 5 in Crossbows
  6997 | D:8      | Reached skill level 6 in Crossbows
  7571 | D:8      | Reached XP level 10. HP: 74/74 MP: 13/13
  7698 | D:9      | Found a shimmering altar of Xom.
  7759 | D:9      | Found a shimmering blue altar of Sif Muna.
  7913 | D:9      | Reached skill level 7 in Crossbows
  8007 | D:9      | Found a staircase to the Lair.
  8106 | D:9      | Reached ** piety under Lugonu
  8287 | D:9      | Reached skill level 8 in Crossbows
  8344 | D:9      | Noticed a cyclops
  8401 | Lair:1   | Entered Level 1 of the Lair of Beasts
  8401 | Lair:1   | Noticed a black mamba
  8405 | Lair:1   | Killed a black mamba
  8445 | Lair:1   | Noticed a cane toad
  8448 | Lair:1   | Killed a cane toad
  8455 | Lair:1   | Reached skill level 9 in Crossbows
  8673 | Lair:1   | Reached skill level 10 in Crossbows
  8743 | Lair:1   | Reached skill level 1 in Invocations
  9227 | Lair:2   | Noticed a black mamba
  9229 | Lair:2   | Killed a black mamba
  9229 | Lair:2   | Noticed a black mamba
  9230 | Lair:2   | Gained mutation: You are slightly more attuned to the
                  | shadows. [demonic ancestry]
  9230 | Lair:2   | Reached XP level 11. HP: 79/79 MP: 14/14
  9279 | Lair:2   | Found a sparkling altar of Nemelex Xobeh.
  9800 | Lair:3   | Reached skill level 5 in Invocations
  9827 | Lair:3   | Reached skill level 11 in Crossbows
  9828 | Lair:3   | Noticed a swamp dragon
  9861 | Lair:3   | Reached *** piety under Lugonu
  9992 | Lair:3   | Found a staircase to the Swamp.
 10047 | Lair:3   | Killed a swamp dragon
 10055 | Lair:3   | Reached skill level 12 in Crossbows
 10818 | Lair:4   | Gained mutation: You have razor-sharp toenails. [demonic
                  | ancestry]
 10818 | Lair:4   | Reached XP level 12. HP: 88/88 MP: 17/17
 10820 | Lair:4   | Noticed a five-headed hydra
 10821 | Lair:4   | Noticed an eight-headed hydra
 10823 | Lair:4   | Killed a five-headed hydra
 10829 | Lair:4   | Killed an eight-headed hydra
 10853 | Lair:4   | Found a staircase to the Snake Pit.
 11290 | Lair:4   | Reached **** piety under Lugonu
 11940 | Lair:5   | Reached skill level 13 in Crossbows
 11950 | Lair:5   | Noticed a catoblepas
 11954 | Lair:5   | Killed a catoblepas
 12078 | Lair:5   | Reached skill level 10 in Invocations
 12458 | Lair:6   | Entered Level 6 of the Lair of Beasts
 12470 | Lair:5   | Received a gift from Lugonu
 12556 | Lair:6   | Noticed an alligator
 12559 | Lair:6   | Noticed a catoblepas
 12560 | Lair:6   | Noticed an entropy weaver
 12625 | Lair:6   | Killed an alligator
 12625 | Lair:6   | Killed an entropy weaver
 12626 | Lair:6   | Gained mutation: You are mostly covered in sharp spines.
                  | [demonic ancestry]
 12626 | Lair:6   | Reached XP level 13. HP: 75/101 MP: 17/20
 12634 | Lair:6   | Noticed an entropy weaver
 12638 | Lair:6   | Noticed Josephine
 12744 | Lair:6   | Reached skill level 10 in Fighting
 12796 | Lair:6   | Killed Josephine
 12797 | Lair:6   | Reached skill level 14 in Crossbows
 12867 | Lair:6   | Killed an entropy weaver
 13212 | Lair:6   | Noticed a dire elephant
 13213 | Lair:6   | Noticed a dire elephant
 13227 | Lair:6   | Killed a dire elephant
 13237 | Lair:6   | Reached skill level 15 in Crossbows
 13419 | Lair:6   | Found a staircase to the Elven Halls.
 13518 | Lair:6   | Noticed a dire elephant
 13518 | Lair:6   | Noticed a dire elephant
 13640 | Lair:6   | Killed a dire elephant
 13652 | Lair:6   | Killed a dire elephant
 13653 | Lair:6   | Gained mutation: You are surrounded by a moderate repulsion
                  | field. (EV +3) [demonic ancestry]
 13653 | Lair:6   | Reached XP level 14. HP: 41/110 MP: 21/21
 13779 | Lair:6   | Reached skill level 16 in Crossbows
 14051 | Lair:6   | Reached ***** piety under Lugonu
 14247 | D:9      | Received a gift from Lugonu
 14342 | D:10     | Entered Level 10 of the Dungeon
 15144 | D:11     | Reached skill level 17 in Crossbows
 15545 | D:11     | Identified the +3 chain mail of Jigsaw {rN+ rCorr Dex+7
                  | Stlth-}
 15557 | D:11     | Found a roughly hewn altar of Beogh.
 15557 | D:11     | Found a staircase to the Orcish Mines.
 15843 | D:11     | Found Fogev's Gadget Emporium.
 15852 | D:11     | Bought a wand of clouds (6) for 315 gold pieces
 15852 | D:11     | Bought a lamp of fire for 600 gold pieces
 15852 | D:11     | Bought a wand of disintegration (6) for 64 gold pieces
 15869 | D:11     | Identified the +9 mace "Hamaer" {protect, rN++ Str-2 Dex+4}
                  | (You found it on level 7 of the Dungeon)
 15913 | Orc      | Entered the Orcish Mines
 16002 | Orc      | Found a staircase to the Slime Pits.
 16002 | Orc      | Found a viscous altar of Jiyva.
 16058 | Orc      | Found a frozen archway.
 16084 | IceCv    | Entered an ice cave
 17260 | D:11     | Received a gift from Lugonu
 17532 | Orc      | Received a gift from Lugonu
 17619 | Orc      | Received a gift from Lugonu
 17652 | Orc      | Reached skill level 18 in Crossbows
 17686 | Orc      | Reached XP level 15. HP: 98/115 MP: 22/22
 17686 | Orc      | Received a gift from Lugonu
 17704 | Orc      | Got a scorched scarf {god gift, pickup}
 17831 | Orc      | Found Ostoihor's Weapon Shop.
 17831 | Orc      | Found Merchurph's Food Shop.
 17832 | Orc      | Found Xydogaelan's Assorted Antiques.
 17832 | Orc      | Found Lovept's Distillery.
 17840 | Orc      | Bought a black potion for 27 gold pieces
 17856 | Orc      | Identified the scarf of the Villain {repulsion, +Fly rCorr
                  | Int+4 Slay+2, pickup} (Lugonu gifted it to you in the
                  | Orcish Mines)
 17857 | Orc      | Bought a potion of heal wounds for 80 gold pieces
 17857 | Orc      | Bought 2 potions of heal wounds for 160 gold pieces
 17857 | Orc      | Bought a potion of heal wounds for 80 gold pieces
 17857 | Orc      | Bought a potion of curing for 40 gold pieces
 18168 | D:12     | Entered Level 12 of the Dungeon
 18323 | D:12     | Found a shadowy altar of Dithmenos.
 18454 | D:12     | Found a gate to the Vaults.
 18458 | D:12     | Noticed Sonja
 18463 | D:12     | Killed Sonja
 18980 | D:12     | Found a staircase to the Depths.
 19872 | Swamp:1  | Entered Level 1 of the Swamp
 19879 | Swamp:1  | Noticed a thorn hunter
 19936 | Lair:3   | Killed a thorn hunter
 20912 | Swamp:2  | Received a gift from Lugonu
 21174 | Swamp:2  | Received a gift from Lugonu
 21485 | Swamp:2  | Reached XP level 16. HP: 124/129 MP: 23/23
 21491 | Swamp:2  | Noticed a tentacled monstrosity
 21657 | Swamp:2  | Received a gift from Lugonu
 21673 | Swamp:2  | Killed a tentacled monstrosity
 21732 | Swamp:2  | Got a fine robe
 21955 | Swamp:2  | Got a steaming mace
 22081 | Swamp:3  | Entered Level 3 of the Swamp
 22081 | Swamp:3  | Found a runed translucent gate.
 22083 | Swamp:3  | Corrupted Swamp:3
 22083 | Swamp:3  | Noticed a tentacled starspawn
 22083 | Swamp:3  | Noticed a tentacled starspawn
 22083 | Swamp:3  | Noticed a profane servitor
 22084 | Swamp:3  | Found a runed translucent door.
 22087 | Swamp:3  | Noticed a tentacled starspawn
 22094 | Swamp:3  | Reached skill level 10 in Armour
 22116 | Swamp:3  | Killed yrara's ghost
 22137 | Swamp:3  | Noticed a tentacled starspawn
 22159 | Swamp:3  | Identified the cursed +1 mace of Absolution {drain, MR+
                  | Dex+4} (You found it on level 2 of the Swamp)
 22413 | Swamp:3  | Identified the cursed +1 robe of Naijuobb {Int+3} (You
                  | found it on level 2 of the Swamp)
 22413 | Swamp:3  | Got a decaying rune of Zot
 22836 | Snake:1  | Entered Level 1 of the Snake Pit
 22839 | Snake:1  | Received a gift from Lugonu
 23222 | Snake:1  | Found Tuloimih's Assorted Antiques.
 23232 | Snake:1  | Found Zeom's Weapon Emporium.
 23232 | Snake:1  | Found Dan Yhyo's Food Shoppe.
 23235 | Snake:1  | Found Jeplofew's Armour Shoppe.
 23322 | Snake:1  | Identified the ring of the Solstice {+Fly rN+}
 23696 | Snake:1  | Found a runed translucent door.
 23697 | Snake:1  | Noticed Mehrunes's ghost (journeyman SpEn)
 24378 | Snake:2  | Found a corrupted altar of Lugonu.
 24379 | Snake:2  | Found a one-way gate to the infinite horrors of the Abyss.
 24743 | Snake:2  | Found Jeaseciff's Jewellery Shoppe.
 24743 | Snake:2  | Found Ufyxkiar's Gadget Boutique.
 24744 | Snake:2  | Found Hausar's Jewellery Shoppe.
 24752 | Snake:2  | Bought a wand of acid (6) for 168 gold pieces
 24752 | Snake:2  | Bought a wand of digging (7) for 192 gold pieces
 24754 | Snake:2  | Bought the ring "Turiap" {rF+ MR+ Str+4} for 552 gold
                  | pieces
 24788 | Snake:3  | Entered Level 3 of the Snake Pit
 24794 | Snake:3  | Noticed Vashnia
 24795 | Snake:3  | Noticed Aizul
 24970 | Snake:3  | Noticed Louise
 24973 | Snake:3  | Killed Louise
 24974 | Snake:3  | Gained mutation: You are surrounded by a strong repulsion
                  | field. (EV +4, RMsl) [demonic ancestry]
 24974 | Snake:3  | Reached XP level 17. HP: 128/140 MP: 24/24
 25011 | Snake:3  | Reached skill level 15 in Fighting
 25150 | Snake:3  | Corrupted Snake:3
 25287 | Snake:2  | Killed Aizul
 25502 | Snake:3  | Killed Vashnia
 25644 | Snake:3  | Received a gift from Lugonu
 26129 | Snake:3  | Got a serpentine rune of Zot
 26757 | Vaults:1 | Entered Level 1 of the Vaults
 26762 | Vaults:1 | Reached skill level 15 in Armour
 26913 | Vaults:1 | Found a crumbling gateway.
 26921 | Desolati | Entered the Desolation of Salt
 26983 | Vaults:1 | Reached XP level 18. HP: 53/149 MP: 25/25
 27260 | Vaults:1 | Reached skill level 10 in Dodging
 27299 | Vaults:1 | Received a gift from Lugonu
 27330 | Vaults:1 | Identified the ring "Yrioklem" {rElec rPois rC+ Str-4
                  | Dex+2}
 27897 | Vaults:1 | Received a gift from Lugonu
 28310 | Vaults:1 | Identified the +2 scale mail of Kumuil {rElec Dex+2}
                  | (Lugonu gifted it to you on level 1 of the Vaults)
 28310 | Vaults:1 | Received a gift from Lugonu
 28378 | Vaults:1 | Identified the cursed +1 ring mail of the Ego {rC+}
 28517 | Vaults:1 | Found Fezyez's General Store.
 28526 | Vaults:1 | Bought a scroll of blinking for 105 gold pieces
 28526 | Vaults:1 | Bought a scroll of fog for 28 gold pieces
 29030 | Vaults:2 | Noticed Frederick
 29043 | Vaults:2 | Killed Frederick
 29632 | Vaults:2 | Noticed Xtahua
 29642 | Vaults:2 | Killed Xtahua
 29643 | Vaults:2 | Gained mutation: You are significantly more attuned to the
                  | shadows. [demonic ancestry]
 29643 | Vaults:2 | Reached XP level 19. HP: 121/155 MP: 29/29
 29848 | Vaults:2 | Found Ynaotias's Magic Scroll Boutique.
 29854 | Vaults:2 | Bought a scroll of teleportation for 57 gold pieces
 29854 | Vaults:2 | Bought a scroll of blinking for 142 gold pieces
 29854 | Vaults:2 | Bought a scroll of blinking for 142 gold pieces
 29920 | Vaults:2 | Reached skill level 15 in Invocations
 29962 | Vaults:2 | Identified the cursed +1 scale mail "Zomp" {*Slow rElec
                  | Dex+7}
 30272 | Vaults:2 | Found a staircase to the Crypt.
 30272 | Vaults:2 | Found a basalt altar of Yredelemnul.
 30273 | Vaults:2 | Found an ancient bone altar of Kikubaaqudgha.
 30465 | Vaults:2 | Found a runed translucent door.
 30467 | Vaults:2 | Noticed yrara's ghost (adept DsFi)
 31040 | Depths:1 | Entered Level 1 of the Depths
 31256 | D:12     | Reached skill level 10 in Evocations
 31290 | D:12     | Received a gift from Lugonu
 31644 | Depths:1 | Noticed a rockslime
 31743 | Depths:1 | Corrupted Depths:1
 31754 | Depths:1 | Killed a rockslime
 31771 | Depths:1 | Found a gateway to Hell.
 31805 | Depths:1 | Noticed a bone dragon
 32131 | Depths:1 | Found Diuxi's Book Boutique.
 32185 | Depths:1 | Found Lotakkor's Distillery.
 32342 | Depths:1 | Found Cesice's Magic Scroll Shop.
 32832 | Depths:1 | Found Ofisch's Assorted Antiques.
 33038 | Depths:2 | Noticed a Killer Klown
 33057 | Depths:2 | Noticed Margery
 33075 | Depths:2 | Noticed a rockslime
 33212 | Depths:2 | Found a one-way gate leading to the halls of Pandemonium.
 33230 | Depths:2 | Found a runed translucent door.
 33349 | Depths:2 | Killed Margery
 33595 | Depths:2 | Noticed foxfromabyss's ghost (adept MiAc)
 33634 | Depths:2 | Identified the +4 halberd of Igydaod {venom, rN+ MR+ Int+4
                  | Dex+4}
 33641 | Depths:2 | Found a transporter.
 33941 | Depths:2 | Killed a rockslime
 33942 | Depths:2 | Reached XP level 20. HP: 68/162 MP: 32/32
 34179 | Depths:2 | Noticed a golden dragon
 34192 | Depths:2 | Received a gift from Lugonu
 34444 | Depths:2 | Received a gift from Lugonu
 34449 | Depths:2 | Reached skill level 15 in Evocations
 34697 | Depths:2 | Found a runed translucent door.
 34722 | Depths:2 | Found a transporter.
 34914 | Depths:2 | Found a runed translucent door.
 35335 | Depths:1 | Bought a scroll of enchant armour for 97 gold pieces
 35335 | Depths:1 | Bought a scroll of enchant armour for 97 gold pieces
 35335 | Depths:1 | Bought a scroll of blinking for 97 gold pieces
 35654 | Depths:1 | Bought a scroll of immolation for 45 gold pieces
 35654 | Depths:1 | Bought a scroll of teleportation for 39 gold pieces
 35654 | Depths:1 | Bought a scroll of teleportation for 39 gold pieces
 35794 | Slime:1  | Entered Level 1 of the Pits of Slime
 37440 | Slime:2  | Noticed Dissolution
 37445 | Slime:2  | Killed Dissolution
 37446 | Slime:2  | Gained mutation: You have claws for feet. [demonic
                  | ancestry]
 37446 | Slime:2  | Reached XP level 21. HP: 133/171 MP: 35/35
 38633 | Slime:3  | Reached ****** piety under Lugonu
 38633 | Slime:3  | Received a gift from Lugonu
 40260 | Slime:5  | Entered Level 5 of the Pits of Slime
 40260 | Slime:5  | Found the +0 pair of hand wraps "Fists of Thunder" {elec,
                  | rElec Slay+2}
 40823 | Slime:5  | Noticed the Royal Jelly
 41159 | Slime:5  | Found a viscous altar of Jiyva.
 41323 | Slime:5  | Corrupted Slime:5
 41329 | Slime:5  | Killed the Royal Jelly
 41371 | Slime:5  | Identified the cursed ring of Latacah {Ice Int+3}
 41378 | Slime:5  | Identified the +7 long sword "Foleimau" {slice, Int+4
                  | Dex+3}
 41380 | Slime:5  | Identified the cursed ring "Riysuli" {Ice Dex+3}
 41406 | Slime:5  | Identified the ring "Zemuy" {*Corrode +Fly rElec Dex+3}
 41421 | Slime:5  | Got a slimy rune of Zot
 41468 | Slime:5  | Identified the ring "Odunk" {+Fly Str+2}
 41520 | Slime:5  | Identified the cursed +1 hand crossbow "Sihum" {venom,
                  | Dex+2}
 42451 | Depths:3 | Identified the +0 helmet "Gett" {rN+ Stlth+} (Lugonu gifted
                  | it to you on level 3 of the Depths)
 42451 | Depths:3 | Received a gift from Lugonu
 43404 | Depths:4 | Noticed Jory
 43423 | Depths:4 | Killed Jory
 43648 | Depths:5 | Entered Level 5 of the Depths
 43652 | Depths:5 | Noticed a caustic shrike
 43653 | Depths:5 | Noticed a caustic shrike
 43706 | Depths:5 | Gained mutation: You are completely covered in sharp
                  | spines. [demonic ancestry]
 43706 | Depths:5 | Reached XP level 22. HP: 155/188 MP: 36/36
 44138 | Depths:5 | Noticed a caustic shrike
 44152 | Depths:4 | Killed a caustic shrike
 44269 | Depths:5 | Noticed a caustic shrike
 44282 | Depths:4 | Killed a caustic shrike
 44455 | Depths:5 | Noticed a juggernaut
 44459 | Depths:5 | Noticed a caustic shrike
 44460 | Depths:5 | Banished a caustic shrike
 44466 | Depths:5 | Noticed a caustic shrike
 44468 | Depths:5 | Banished a caustic shrike
 44469 | Depths:5 | Noticed a caustic shrike
 44469 | Depths:5 | Noticed a caustic shrike
 44470 | Depths:5 | Corrupted Depths:5
 44474 | Depths:5 | Killed a Killer Klown
 44478 | Depths:5 | Killed a caustic shrike
 44485 | Depths:5 | Killed a juggernaut
 44487 | Depths:5 | Killed a caustic shrike
 44488 | Depths:5 | Killed a caustic shrike
 44490 | Depths:5 | Killed a caustic shrike
 44502 | Depths:5 | Killed a caustic shrike
 44513 | Depths:5 | Found a gateway to a ziggurat.
 44542 | Depths:5 | Killed a golden dragon
 44546 | Depths:5 | Killed a golden dragon
 45042 | Depths:5 | Noticed a golden dragon
 45061 | Depths:5 | Killed a golden dragon
 45253 | Depths:5 | Gained mutation: You resist negative energy. (rN+) [demonic
                  | ancestry]
 45253 | Depths:5 | Reached XP level 23. HP: 63/196 MP: 37/37
 45585 | Depths:5 | Found a gate to the Realm of Zot.
 45666 | Depths:5 | Found a glowing golden altar of the Shining One.
 46032 | Depths:1 | Bought a scroll of enchant weapon for 300 gold pieces
 46032 | Depths:1 | Bought a scroll of teleportation for 120 gold pieces
 46032 | Depths:1 | Bought a scroll of blinking for 300 gold pieces
 46032 | Depths:1 | Bought a wand of disintegration (13) for 124 gold pieces
 46204 | Depths:3 | Voluntarily entered the Abyss.
 46460 | Abyss:2  | Found a corrupted altar of Lugonu.
 46520 | Abyss:2  | Found a corrupted altar of Lugonu.
 47222 | Depths:3 | Escaped the Abyss
 47571 | Depths:3 | Voluntarily entered the Abyss.
 47697 | Abyss:2  | Identified the -3 buckler "Laxixkac" {MR+ Slay+2} (You
                  | acquired it on level 2 of the Abyss)
 47697 | Abyss:2  | Identified the ring of Xom's Bemusement {rElec Int+3} (You
                  | acquired it on level 2 of the Abyss)
 47767 | Abyss:4  | Found a corrupted altar of Lugonu.
 47816 | Abyss:4  | Got an abyssal rune of Zot
 47836 | Depths:3 | Escaped the Abyss
 48046 | Vaults:2 | Bought a scroll of fog for 38 gold pieces
 48046 | Vaults:2 | Bought a scroll of teleportation for 57 gold pieces
 48059 | Vaults:3 | Entered Level 3 of the Vaults
 48061 | Vaults:3 | Noticed a golden dragon
 48225 | Vaults:2 | Killed a golden dragon
 48513 | Vaults:2 | Reached skill level 19 in Crossbows
 48579 | Vaults:2 | Received a gift from Lugonu
 49007 | Vaults:3 | Reached XP level 24. HP: 196/204 MP: 37/37
 49055 | Vaults:3 | Identified the cursed +2 war axe of Aliom {drain, Str+6
                  | SInv}
 49686 | Vaults:2 | Reached skill level 20 in Crossbows
 49793 | Vaults:3 | Received a gift from Lugonu
 49909 | Vaults:3 | Found Mitat's Food Boutique.
 49909 | Vaults:3 | Found Nialuwn's Magic Scroll Shoppe.
 49920 | Vaults:3 | Bought a scroll of silence for 150 gold pieces
 49920 | Vaults:3 | Bought a scroll of immolation for 70 gold pieces
 49921 | Vaults:3 | Found Erog's Magic Scroll Shop.
 49931 | Vaults:3 | Bought 3 scrolls of enchant armour for 360 gold pieces
 49931 | Vaults:3 | Bought a scroll of enchant armour for 120 gold pieces
 49931 | Vaults:3 | Bought 3 scrolls of enchant armour for 360 gold pieces
 49950 | Vaults:3 | Found Oczy's Magic Scroll Shoppe.
 49955 | Vaults:3 | Bought a scroll of blinking for 127 gold pieces
 49955 | Vaults:3 | Bought 3 scrolls of revelation for 204 gold pieces
 50006 | Vaults:3 | Found Netumo's Distillery.
 50011 | Vaults:3 | Bought a potion of haste for 170 gold pieces
 50150 | Vaults:3 | Got a silver rune of Zot
 50758 | Vaults:3 | Identified the Catalogue of Conjuration
 50883 | Vaults:3 | Found Libeix's Food Emporium.
 50883 | Vaults:3 | Found Zatic's Magic Scroll Shop.
 50905 | Vaults:3 | Found Benetzao's Food Shop.
 51048 | Vaults:3 | Learned a level 3 spell: Portal Projectile
 51487 | Zot:1    | Entered Level 1 of the Realm of Zot
 51537 | Zot:1    | Found a large runed translucent door.
 51537 | Zot:1    | Found a large runed translucent door.
 51541 | Zot:1    | Noticed Loichisch's ghost (legendary DsBe)
 51580 | Depths:5 | Reached skill level 21 in Crossbows
 52333 | Zot:1    | Gained mutation: You are completely attuned to the shadows.
                  | [demonic ancestry]
 52333 | Zot:1    | Reached XP level 25. HP: 186/210 MP: 37/37
 52549 | Zot:1    | Reached skill level 22 in Crossbows
 53837 | Zot:2    | Found the +7 sceptre of Torment {pain, torment}
 54026 | Zot:2    | Identified the scarf of Trumpets {stasis, rC- rN+ Int+6
                  | Dex-5} (Lugonu gifted it to you on level 2 of the Realm of
                  | Zot)
 54026 | Zot:2    | Received a gift from Lugonu
 54070 | Zot:2    | Noticed an orb of fire
 54073 | Zot:2    | Killed an orb of fire
 54075 | Zot:2    | Noticed an orb of fire
 54082 | Zot:2    | Gained mutation: You tend to lose your temper in combat.
                  | [an orb of fire]
 54085 | Zot:2    | Killed an orb of fire
 54411 | Zot:2    | Reached skill level 23 in Crossbows
 54964 | Vaults:3 | Bought a scroll of acquirement for 1196 gold pieces
 54964 | Vaults:3 | Identified the amulet of the Illusory Serpents {Spirit
                  | rElec rN++ Int-5} (You acquired it on level 3 of the
                  | Vaults)
 55848 | Zot:3    | Noticed a golden dragon
 55858 | Zot:3    | Killed a golden dragon
 56375 | Zot:3    | Reached skill level 24 in Crossbows
 56546 | Zot:3    | Identified the cursed +1 arbalest of the Morning {venom,
                  | rElec rF++ Int+3 Stlth-}
 56718 | Zot:3    | Gained mutation: You are somewhat able to resist unholy
                  | torments (1 in 2 success). [demonic ancestry]
 56718 | Zot:3    | Reached XP level 26. HP: 167/218 MP: 28/37
 57356 | Zot:4    | Reached skill level 25 in Crossbows
 58344 | Zot:5    | Entered Level 5 of the Realm of Zot
 58705 | Zot:5    | Identified the +4 buckler of Vlad {rF- rN+ Str+3} (Lugonu
                  | gifted it to you on level 5 of the Realm of Zot)
 58705 | Zot:5    | Received a gift from Lugonu
 59156 | Zot:5    | Noticed an orb of fire
 59162 | Zot:5    | Gained mutation: You are resistant to hostile enchantments.
                  | (MR+) [an orb of fire]
 59164 | Zot:5    | Killed an orb of fire
 59165 | Zot:5    | Reached skill level 26 in Crossbows
 59170 | Zot:5    | Noticed a Killer Klown
 59179 | Zot:5    | Killed a Killer Klown
 59333 | Zot:5    | Noticed an orb of fire
 59337 | Zot:5    | Gained mutation: Your magical capacity is low. (-10% MP)
                  | [an orb of fire]
 59340 | Zot:5    | Killed an orb of fire
 59363 | Zot:5    | Noticed an orb of fire
 59372 | Zot:5    | Gained mutation: You occasionally shout uncontrollably at
                  | your foes. [an orb of fire]
 59374 | Zot:5    | Killed an orb of fire
 59453 | Zot:5    | Noticed an ancient lich
 59458 | Zot:5    | Killed an ancient lich
 59463 | Zot:5    | Noticed an orb of fire
 59470 | Zot:5    | Gained mutation: Your melee attacks may debilitate your
                  | foes. [demonic ancestry]
 59470 | Zot:5    | Reached XP level 27. HP: 145/224 MP: 1/33
 59471 | Zot:5    | Killed an orb of fire
 59679 | Zot:5    | Noticed an ancient lich
 59688 | Zot:5    | Killed an ancient lich
 59705 | Zot:5    | Reached skill level 27 in Crossbows
 59715 | Zot:5    | Noticed an ancient lich
 59725 | Zot:5    | Killed an ancient lich
 59893 | Zot:5    | Corrupted Zot:5
 60351 | Zot:5    | Identified the +0 medium shield of Beyond {MR++ Str+4 Int-5
                  | Stlth+} (You acquired it on level 5 of the Realm of Zot)
 60351 | Zot:5    | Identified the ring of Accord {rF++ Slay+3} (You acquired
                  | it on level 5 of the Realm of Zot)
 60522 | Zot:5    | Got the Orb of Zot
 60741 | Depths:4 | Noticed Sejycina the pandemonium lord
 60910 | D:12     | Noticed Lajios the pandemonium lord
 60919 | D:12     | Noticed Wutil the pandemonium lord
 61214 | D:$      | Escaped with the Orb!

Skill      XL: |  1  2  3  4  5  6  7  8  9 10 11 12 13 14 15 16 17 18 19 20 21 22 23 24 25 26 27 |
---------------+----------------------------------------------------------------------------------+-----
Maces & Flails | 1 |  1.0
Dodging        | 3 4 5 8 13 14 | 14.0
Fighting       | 2 3 5 6 9 10 12 14 15 16 19 20 | 20.6
Throwing       | 1 2 |  2.0
Evocations     | 1 2 3 5 8 13 15 | 15.0
Armour         | 2 3 5 9 12 15 18 19 20 | 20.7
Short Blades   | 2 5 |  5.0
Stealth        | 4 5 |  5.0
Crossbows      | 6 10 12 13 15 18 19 21 24 26 27 | 27.0
Invocations    | 2 6 10 14 16 20 | 20.0

Action                   |  1- 3 |  4- 6 |  7- 9 | 10-12 | 13-15 | 16-18 | 19-21 | 22-24 | 25-27 || total
-------------------------+-------+-------+-------+-------+-------+-------+-------+-------+-------++-------
Melee: Whip              |   134 |   240 |       |       |       |       |       |       |       ||   374
       Dagger            |       |    10 |   184 |    65 |   142 |       |       |       |       ||   401
       Blowgun           |       |       |     2 |       |       |       |       |       |       ||     2
       Arbalest          |       |       |       |       |       |     1 |     1 |       |       ||     2
 Fire: Blowgun           |     2 |     6 |    33 |       |       |       |       |       |       ||    41
       Arbalest          |       |       |       |   208 |   512 |   562 |   777 |   359 |       ||  2418
       Triple crossbow   |       |       |       |       |       |       |       |   526 |   801 ||  1327
Throw: Stone             |       |    47 |    16 |     6 |       |       |       |       |       ||    69
       Throwing net      |       |       |     2 |       |       |       |       |       |       ||     2
       Tomahawk          |       |       |       |     3 |   175 |       |       |       |       ||   178
Invok: Bend Space        |       |       |       |    27 |    54 |    32 |    59 |    66 |     5 ||   243
       Corrupt           |       |       |       |       |       |     2 |     2 |     1 |     1 ||     6
       Banish            |       |       |       |       |       |       |       |     3 |       ||     3
       Depart the Abyss  |       |       |       |       |       |       |       |     1 |       ||     1
Evoke: Wand              |       |       |     6 |    14 |    21 |     7 |    23 |    23 |    17 ||   111
       Fan of gales      |       |       |       |       |     2 |       |     1 |     3 |     1 ||     7
       Lamp of fire      |       |       |       |       |     1 |     4 |     9 |    10 |     6 ||    30
       Phial of floods   |       |       |       |       |       |     3 |     5 |     7 |     9 ||    24
       Box of beasts     |       |       |       |       |       |     2 |     3 |       |     1 ||     6
       Phantom mirror    |       |       |       |       |       |     1 |       |     1 |     1 ||     3
       Sack of spiders   |       |       |       |       |       |       |     2 |     6 |     6 ||    14
  Use: Scroll            |     1 |    10 |     3 |     1 |    19 |    11 |    22 |    25 |    12 ||   104
       Potion            |       |     2 |       |       |     2 |     3 |     5 |     7 |     6 ||    25
 Stab: Distracted        |     1 |     1 |     1 |       |       |       |       |       |       ||     3
       Sleeping          |     3 |     2 |     4 |     8 |       |       |       |       |       ||    17
  Eat: Chunk             |     4 |    14 |    15 |    26 |    40 |    18 |    19 |    19 |    30 ||   185
       Ration            |       |     1 |       |       |     3 |     6 |    13 |     9 |     7 ||    39
Armor: Robe              |    46 |     7 |       |       |       |       |       |       |       ||    53
       Ring mail         |       |    70 |    26 |       |       |       |       |       |       ||    96
       Troll leather arm |       |       |    22 |    14 |    24 |       |       |       |       ||    60
       Chain mail        |       |       |       |       |   128 |    67 |    41 |       |       ||   236
       Gold dragon scale |       |       |       |       |       |       |    66 |   459 |   481 ||  1006
Dodge: Dodged            |    88 |   131 |   116 |    57 |   221 |   132 |   163 |   325 |   330 ||  1563
       Deflected         |       |       |       |       |       |    31 |    26 |    56 |    29 ||   142
Block: Buckler           |       |       |       |       |     2 |       |       |       |       ||     2
